 Dungeon Crawl Stone Soup version 0.25.0-9-g26727b657a (webtiles) character file.

Game seed: 16750782904960820375

8598 mortelune the Grappler (level 11, -2/94 (99) HPs)
             Began as a Ghoul Warper on June 21, 2020.
             Was a Follower of Makhleb.
             Slain by a freezing wraith (10 damage)
             ... on level 11 of the Dungeon.
             The game lasted 00:20:44 (11583 turns).

mortelune the Grappler (Ghoul Warper)              Turns: 11583, Time: 00:20:45

HP:   -2/94 (99)    AC: 13    Str: 19    XL:     11   Next: 33%
MP:   12/12         EV: 12    Int:  8    God:    Makhleb [*.....]
Gold: 688           SH:  0    Dex:  8    Spells: 9/13 levels left

rFire    . . .     SeeInvis .     - Unarmed
rCold    + . .     Gourm    .   (no shield)
rNeg     + + +     Faith    .   D - +0 scale mail
rPois    ∞         Spirit   .   g - +0 helmet
rElec    .         Reflect  .   q - +0 cloak
rCorr    .         Harm     .   (no gloves)
MR       .....                  F - +0 pair of boots
Stlth    ..........             b - amulet of the acrobat
HPRegen  0.00/turn              K - +4 ring of protection (curse)
MPRegen  0.13/turn              m - +4 ring of slaying

@: rotting, slowed, very slow
A: rotting body, claws 1, carnivore, cold resistance 1, negative energy
resistance 3, inhibited regeneration, torment resistance, unbreathing
a: Renounce Religion


You were on level 11 of the Dungeon.
You worshipped Makhleb.
Makhleb was aware of your devotion.
You were very hungry.

You visited 2 branches of the dungeon, and saw 12 of its levels.

You collected 688 gold pieces.

Inventory:

Hand Weapons
 a - a +6 hunting sling of freezing
Missiles
 j - 47 poisoned darts
 n - 3 throwing nets
 t - 3 boomerangs of dispersal (quivered)
 z - 33 sling bullets
 H - 13 boomerangs
 M - 5 datura-tipped darts
 Q - 171 stones
Armour
 g - a +0 helmet (worn)
 q - a +0 cloak (worn)
 D - a +0 scale mail (worn)
 F - a +0 pair of boots (worn)
Jewellery
 b - an amulet of the acrobat (around neck)
 m - a +4 ring of slaying (right claw)
 r - an uncursed ring of stealth
 y - an uncursed ring of ice
 A - an uncursed amulet of magic regeneration
 K - a cursed +4 ring of protection (left claw)
 N - an uncursed ring of positive energy
 W - an uncursed ring of wizardry
Wands
 d - a wand of disintegration (9)
 C - a wand of flame (15)
Scrolls
 e - a scroll of fear
 f - a scroll of fog
 i - a scroll of identify
 k - 2 scrolls of amnesia
 l - 3 scrolls of immolation
 v - 4 scrolls of magic mapping
 x - 6 scrolls of remove curse
 B - 4 scrolls of blinking
 L - a scroll of enchant weapon
Potions
 c - a potion of might
 h - 5 potions of brilliance
 o - 2 potions of cancellation
 p - a potion of stabbing
 s - a potion of lignification
 u - a potion of heal wounds {unknown}
 I - a potion of curing {unknown}
 J - a potion of ambrosia
Comestibles
 E - 14 rations


   Skills:
 + Level 9.7 Fighting
 + Level 6.8 Slings
 - Level 0.8(4.3) Throwing
 - Level 0.8 Armour
 + Level 8.2 Dodging
 + Level 10.8 Unarmed Combat
 - Level 1.7 Spellcasting
 - Level 2.6 Translocations


You had 9 spell levels left.
You knew the following spells:

 Your Spells              Type           Power        Failure   Level  Hunger
a - Blink                 Tloc           N/A          50%         2    ###....
b - Shroud of Golubria    Chrm/Tloc      #.....       69%         2    ###....

Your spell library contained the following spells:

 Spells                   Type           Power        Failure   Level  Hunger
 Apportation              Tloc           #.....       36%         1    ##.....
 Animate Skeleton         Necr           N/A          75%         1    ##.....
 Corona                   Hex            #......      75%         1    ##.....
 Magic Dart               Conj           #...         75%         1    ##.....
 Summon Small Mammal      Summ           #...         75%         1    ##.....
 Gell's Gravitas          Tloc           #.........   75%         3    ####...
 Lesser Beckoning         Tloc           #.........   75%         3    ####...
 Teleport Other           Tloc           #.......     75%         3    ####...
 Call Imp                 Summ           #.......     86%         2    ###....
 Ensorcelled Hibernation  Hex/Ice        #.....       86%         2    ###....
 Slow                     Hex            #.......     86%         2    ###....
 Call Canine Familiar     Summ           #.......     98%         3    ####...
 Confusing Touch          Hex            #.......     98%         3    ####...
 Conjure Flame            Conj/Fire      #.......     98%         3    ####...
 Dazzling Flash           Conj/Hex       #.....       98%         3    ####...
 Mephitic Cloud           Conj/Pois/Air  #.......     98%         3    ####...
 Summon Guardian Golem    Hex/Summ       #.......     98%         3    ####...
 Tukima's Dance           Hex            #.......     98%         3    ####...
 Passage of Golubria      Tloc           N/A          98%         4    #####..
 Petrify                  Tmut/Erth      #.......     100%        4    #####..
 Summon Ice Beast         Ice/Summ       #.......     100%        4    #####..
 Summon Lightning Spire   Summ/Air       #.......     100%        4    #####..
 Metabolic Englaciation   Hex/Ice        #.........   100%        5    ######.
 Yara's Violent Unravell  Hex/Tmut       #.........   100%        5    ######.


Dungeon Overview and Level Annotations

Branches:
Dungeon (11/15)            Temple (1/1) D:5
   Lair: D:8-11         Orc: D:9-12

Altars:
Ashenzari
Cheibriados
Dithmenos
Elyvilon
Fedhas
Gozag
Hepliaklqana
Kikubaaqudgha
Makhleb
Nemelex Xobeh
Okawaru
Qazlal
Ru
Sif Muna
Trog
Uskayaw
Vehumet
Wu Jian
Xom
Yredelemnul
Zin
The Shining One

Shops:
D:4 :   D:5 *

Annotations:
D:7 2 transporters, Skimidon's ghost, novice GnMo
D:8 Maggie
D:10 3 runed translucent doors, Pach's ghost, novice DDFi


Innate Abilities, Weirdness & Mutations

Your body is rotting away.
You thrive on raw meat.
You are immune to poison.
You have sharp fingernails.
You are carnivorous and can eat meat at any time.
Your flesh is cold resistant. (rC+)
You are immune to negative energy. (rN+++)
You do not regenerate when monsters are visible.
You are immune to unholy pain and torment.
You can survive without breathing.


Message History

The freezing wraith is moderately damaged.
The freezing wraith closely misses you. The freezing wraith hits you.
You claw the freezing wraith!
The freezing wraith is heavily damaged.
The freezing wraith closely misses you. x2
You claw the freezing wraith!
The freezing wraith is severely damaged.
The freezing wraith hits you!
* * * LOW HITPOINT WARNING * * *
The freezing wraith freezes you! You resist.
* * * LOW HITPOINT WARNING * * *
The freezing wraith barely misses you.
You claw the freezing wraith!
The freezing wraith is almost destroyed.
The freezing wraith closely misses you. The freezing wraith hits you.
* * * LOW HITPOINT WARNING * * *
The freezing wraith hits you.
* * * LOW HITPOINT WARNING * * *
The freezing wraith freezes you! You resist.
You die...

.# .#### .##.#######
####### ##........#
#.....#
#.....###.####.###.#
.............(.# #<#
##..#.###.####.###.#
......# #.# #.W...#
##..#####.# ###@###
#........# #.#
##...###########[##
......## #....)..#
.......## #.#)##.##
.W......###....###
........+.......#
........###....##
.......## #.#.##


You could see a freezing wraith.

Vanquished Creatures
  A hydra (D:11)
  2 two-headed ogres (D:9)
  A death knight (D:11)
  An ugly thing (D:11)
  A centaur zombie (D:11)
  A hippogriff (D:9)
  A wyvern (D:9)
  4 yaks (D:9)
  A human (D:9)
  A water moccasin (D:6)
  4 sky beasts
  An orc warrior (D:11)
  3 ice beasts
  3 phantoms
  3 ogres
  A centaur (D:7)
  A crocodile (D:10)
  A big kobold (D:10)
  3 bullfrogs
  4 scorpions
  5 wights (D:7)
  3 howler monkeys
  7 crimson imps
  3 centaur skeletons
  3 orc priests
  5 hounds
  4 orc wizards
  Terence (D:3)
  5 iguanas
  11 worker ants
  A hound skeleton (D:5)
  A worker ant zombie (D:7)
  10 adders
  8 gnolls
  A howler monkey skeleton (D:11)
  6 shadow imps
  4 oozes
  An adder zombie (D:6)
  An adder skeleton (D:4)
  3 worms
  4 dart slugs
  8 leopard geckos
  11 orcs
  3 bats
  5 giant cockroaches
  7 goblins
  6 hobgoblins
  3 jackals (D:3)
  12 kobolds
  3 quokkas
  3 ball pythons
  2 frilled lizards
  A jackal skeleton (D:7)
  A quokka skeleton (D:8)
  6 rats
196 creatures vanquished.

Vanquished Creatures (others)
  3 plants (D:10)
3 creatures vanquished.

Grand Total: 199 creatures vanquished

Notes
Turn   | Place    | Note
-------+----------+-------------------------------------------
     0 | D:1      | mortelune the Ghoul Warper began the quest for the Orb.
     0 | D:1      | Reached XP level 1. HP: 17/17 MP: 2/2
    97 | D:1      | Reached XP level 2. HP: 24/24 MP: 3/3
   369 | D:1      | Reached skill level 3 in Unarmed Combat
   667 | D:1      | Reached XP level 3. HP: 30/30 MP: 4/4
   671 | D:1      | Learned a level 2 spell: Blink
  2060 | D:2      | Learned a level 2 spell: Shroud of Golubria
  2101 | D:2      | Found a white marble altar of Elyvilon.
  2156 | D:2      | Reached XP level 4. HP: 37/37 MP: 5/5
  2787 | D:3      | Reached skill level 4 in Unarmed Combat
  2815 | D:3      | Reached XP level 5. HP: 43/45 MP: 6/6
  3015 | D:3      | Found a sparkling altar of Nemelex Xobeh.
  3170 | D:3      | Noticed Terence
  3178 | D:3      | Killed Terence
  3537 | D:3      | Found a blossoming altar of Fedhas.
  3537 | D:3      | Found an iron altar of Okawaru.
  3542 | D:3      | Found a faded altar of an unknown god.
  3544 | D:3      | Found a faded altar of an unknown god.
  3546 | D:3      | Found a bloodstained altar of Trog.
  3656 | D:3      | Found a snail-covered altar of Cheibriados.
  3757 | D:4      | Reached skill level 5 in Unarmed Combat
  3757 | D:4      | Reached XP level 6. HP: 51/51 MP: 7/7
  3803 | D:4      | Found Zotulol's Book Emporium.
  4385 | D:5      | Entered Level 5 of the Dungeon
  4404 | D:5      | Reached XP level 7. HP: 60/60 MP: 8/8
  4436 | D:5      | Reached skill level 6 in Unarmed Combat
  4475 | D:5      | Found an opulent altar of Gozag.
  4731 | D:5      | Found a staircase to the Ecumenical Temple.
  4739 | Temple   | Entered the Ecumenical Temple
  4837 | D:5      | Found Gozag's Platinum Reserve.
  5095 | D:6      | Reached skill level 5 in Fighting
  5095 | D:6      | Reached skill level 7 in Unarmed Combat
  5149 | D:6      | Reached XP level 8. HP: 58/68 MP: 9/9
  5214 | D:6      | Found a sparkling altar of Nemelex Xobeh.
  5244 | D:6      | Reached skill level 1 in Slings
  6092 | D:6      | Found a glowing golden altar of the Shining One.
  6302 | D:6      | Reached skill level 5 in Dodging
  6538 | D:6      | Reached skill level 8 in Unarmed Combat
  6739 | D:7      | Reached XP level 9. HP: 73/77 MP: 10/10
  6826 | D:7      | Found a transporter.
  6830 | D:7      | Found a transporter.
  6830 | D:7      | Noticed Skimidon's ghost (novice GnMo)
  6918 | D:7      | Found a hazy altar of Hepliaklqana.
  6922 | D:7      | Found a burning altar of Makhleb.
  6979 | D:7      | Became a worshipper of Makhleb the Destroyer
  8206 | D:8      | Noticed Maggie
  8908 | D:9      | Reached skill level 9 in Unarmed Combat
  9079 | D:9      | Noticed a two-headed ogre
  9088 | D:9      | Killed a two-headed ogre
  9088 | D:9      | Reached XP level 10. HP: 47/88 MP: 11/11
  9387 | D:9      | Reached skill level 5 in Slings
  9397 | D:9      | Noticed a two-headed ogre
  9421 | D:9      | Reached * piety under Makhleb
  9426 | D:9      | Killed a two-headed ogre
  9602 | D:9      | Reached skill level 10 in Unarmed Combat
 10119 | D:10     | Entered Level 10 of the Dungeon
 10325 | D:10     | Found a runed translucent gate.
 10325 | D:10     | Found a runed translucent gate.
 10325 | D:10     | Found a runed translucent gate.
 10336 | D:10     | Noticed an 11-headed hydra
 10336 | D:10     | Noticed Pach's ghost (novice DDFi)
 10651 | D:11     | Noticed a seven-headed hydra
 10657 | D:11     | Killed a seven-headed hydra
 10657 | D:11     | Reached XP level 11. HP: 97/97 MP: 12/12
 10884 | D:11     | Noticed a purple ugly thing
 10930 | D:11     | Killed a purple ugly thing
 11148 | D:11     | Noticed a death knight
 11164 | D:11     | Killed a death knight
 11189 | D:11     | Reached ** piety under Makhleb
 11583 | D:11     | Slain by a freezing wraith

Illustrated notes

Levels and vault maps discovered:
D:1:      minmay_arrival_solitary_statue, layout_basic, minmay_pentomino_z2
D:2:      layout_basic, elyvilon_altar_3, first_ration, corexii_hall_statues_x,
          kennysheep_generic_room_9
D:3:      layout_basic, cheibriados_altar_1,
          chequers_temple_overflow_minitemple, minmay_misc_feat_hallway,
          nemelex_dance_club_becter, uniq_terence
D:4:      cheibrodos_quashed, layout_rooms, serial_shops, kennysheep_mini,
          minmay_bent
D:5:      layout_basic, nicolae_gozag_zags_fifth_avenue, temple_green
D:6:      layout_loops_ring, nemelex_xobeh_ov_fountains_minmay, tso_metal_star
D:7:      layout_layer_cave, makhleb_heckhound_becter,
          overflow_temple_1_default, gammafunk_ghost_mausoleum
D:8:      layout_basic, uniq_maggie
D:9:      layout_rooms, grunt_pizzeria
D:10:     layout_irregular_city, erik_lair_island, gammafunk_ghost_hydra_chop
D:11:     hangedman_cross_cluster, layout_loops_corners,
          kennysheep_orc_monster_closet_entryway,
          nicolae_trove_entry_free_sample
Temple:   cyrus_circular_temple

Skill      XL: |  1  2  3  4  5  6  7  8  9 10 11 |
---------------+----------------------------------+-----
Dodging        | 2 3 4 5 6 7 8 |  8.2
Unarmed Combat | 3 4 5 7 8 9 10 | 10.8
Fighting       | 3 4 5 6 8 9 |  9.7
Slings         | 3 4 6 |  6.8
Throwing       | |  0.8
Armour         | |  0.8
Spellcasting   | |  1.7
Translocations | |  2.6

Action                   |  1- 3 |  4- 6 |  7- 9 | 10-12 || total
-------------------------+-------+-------+-------+-------++-------
Melee: Unarmed           |   104 |    86 |   102 |    14 ||   306
       Punch             |     3 |       |     3 |     1 ||     7
 Fire: Hunting sling     |       |    51 |   208 |   159 ||   418
Throw: Boomerang         |       |       |       |     2 ||     2
Evoke: Wand              |       |       |     1 |     1 ||     2
  Use: Scroll            |       |     8 |    14 |     1 ||    23
       Potion            |       |     1 |     3 |     3 ||     7
  Eat: Chunk             |     7 |     6 |    18 |     3 ||    34
Armor: Leather armour    |    19 |     7 |       |       ||    26
       Ring mail         |       |     6 |       |       ||     6
       Scale mail        |       |    15 |    50 |    34 ||    99
Dodge: Dodged            |    60 |    53 |    97 |    56 ||   266
